 Dungeon Crawl Stone Soup version 0.27.1-34-g3ba077fa99 (webtiles) character file.

Game seed: 2416632442080604907

16077 pkoi the Martial Artist (level 12, -1/86 HPs)
             Began as a Green Draconian Monk on Jan 14, 2022.
             Was a High Priest of Hepliaklqana.
             Slain by a seven-headed hydra (11 damage)
             ... on level 1 of the Lair of Beasts.
             The game lasted 00:25:03 (16799 turns).

pkoi the Martial Artist (Green Draconian Monk)     Turns: 16799, Time: 00:25:04

Health: -1/86      AC: 12    Str: 13      XL:     12   Next: 6%
Magic:  25/25      EV: 15    Int: 15 (16) God:    Hepliaklqana [*****.]
Gold:   816        SH:  0    Dex: 12 (14) Spells: 7/17 levels left

rFire    . . .     SeeInvis .     - Unarmed
rCold    + . .     Faith    .   (no shield)
rNeg     . . .     Spirit   .   (armour unavailable)
rPois    +         Reflect  .   (helmet restricted)
rElec    .         Harm     .   s - +2 cloak
rCorr    .         Rampage  .   (no gloves)
Will     .....                  F - +0 pair of boots
Stlth    ++........             (no amulet)
HPRegen  0.24/turn              i - ring of magical power
MPRegen  0.19/turn              j - ring of protection from cold

@: short of breath
A: reduced essence, breathe noxious fumes, AC +8, unfitting armour, poison
resistance, cold-blooded
a: Breathe Noxious Fumes, Renounce Religion, Recall Ancestor, Ancestor Identity,
Transference, Idealise


You were on level 1 of the Lair of Beasts.
You worshipped Hepliaklqana.
Hepliaklqana was extremely pleased with you.
You visited 3 branches of the dungeon, and saw 13 of its levels.
You also visited: Ossuary and Volcano.

You collected 816 gold pieces.

Inventory:

Hand Weapons
 l - a +4 dagger
 o - a +1 dagger of venom
Missiles
 k - 19 poisoned darts (quivered)
Armour
 s - a +2 cloak (worn)
 F - a +0 pair of boots (worn)
Jewellery
 i - a ring of magical power (left hand)
 j - a ring of protection from cold (right hand)
 E - an amulet of faith
Wands
 a - a wand of charming (12)
 b - a wand of polymorph (10)
 m - a wand of flame (15)
 r - a wand of acid (26)
 u - a wand of iceblast (8)
 v - a wand of digging (10)
 y - a wand of paralysis (20)
Scrolls
 c - 2 scrolls of fog
 f - a scroll of identify
 p - a scroll of fear
 x - 2 scrolls of enchant weapon
 z - 7 scrolls of teleportation
 A - a scroll of silence
 B - 2 scrolls of holy word
 D - a scroll of enchant armour
Potions
 d - a potion of lignification
 e - 6 potions of curing
 g - 3 potions of heal wounds
 h - 2 potions of invisibility
 n - 6 potions of haste
 C - 2 potions of brilliance
 G - a potion of ambrosia


   Skills:
 - Level 6.0 Fighting
 - Level 9.0 Dodging
 - Level 3.0 Stealth
 + Level 14.5 Unarmed Combat
 - Level 3.0 Spellcasting
 + Level 5.3 Translocations
 + Level 5.0 Invocations
 - Level 3.0 Evocations


You had 7 spell levels left.
You knew the following spells:

 Your Spells              Type           Power      Damage    Failure   Level
a - Blink                 Tloc           N/A        N/A       3%          2
b - Manifold Assault      Tloc           18%        N/A       52%         5
c - Call Canine Familiar  Summ           2%         N/A       52%         3

Your spell library contained the following spells:

 Spells                   Type           Power      Damage    Failure   Level
 Lesser Beckoning         Tloc           9%         N/A       7%          3
 Summon Small Mammal      Summ           8%         N/A       21%         1
 Corpse Rot               Necr/Air       N/A        N/A       30%         2
 Ignite Poison            Fire/Tmut/Pois 2%         N/A       52%         3
 Mephitic Cloud           Conj/Pois/Air  2%         N/A       52%         3
 Summon Guardian Golem    Hex/Summ       2%         N/A       52%         3
 Dispel Undead            Necr           2%         3d7       89%         4
 Summon Lightning Spire   Summ/Air       2%         N/A       89%         4
 Bolt of Magma            Conj/Fire/Erth 1%         4d4       99%         5
 Death Channel            Necr           1%         N/A       100%        6
 Storm Form               Tmut/Air       1%         N/A       100%        7
 Maxwell's Capacitive Co  Air            1%         ∞         100%        8


Dungeon Overview and Level Annotations

Branches:
Dungeon (11/15)            Temple (1/1) D:7            Lair (1/6) D:10
    Orc (0/2) D:9         Ossuary (visited)         Volcano (visited)

Altars:
Ashenzari
Cheibriados
Dithmenos
Elyvilon
Fedhas
Gozag
Hepliaklqana
Kikubaaqudgha
Makhleb
Nemelex Xobeh
Okawaru
Qazlal
Ru
Sif Muna
Trog
Uskayaw
Vehumet
Wu Jian
Xom
Yredelemnul
Zin
The Shining One

Shops:
D:1 [   D:3 =   D:5 (   D:9 (

Annotations:
Lair:1 Harold


Innate Abilities, Weirdness & Mutations

Your life essence is reduced to manifest your ancestor. (-10% HP)
You can breathe blasts of noxious fumes.
Your lurid green scales are hard. (AC +8)
You cannot fit into any form of body armour.
Your system is resistant to poisons. (rPois)
You are cold-blooded and may be slowed by cold attacks.


Message History

The seven-headed hydra bites you but does no damage.
The seven-headed hydra closely misses you.
The seven-headed hydra bites you but does no damage.
The seven-headed hydra completely misses you.
The seven-headed hydra closely misses you.
The seven-headed hydra barely misses you.
The seven-headed hydra bites you but does no damage.
The komodo dragon hisses menacingly.
The komodo dragon bites you!
Servia hits the blink frog with a +0 flail!!
Unknown command.
Aiming: Corrosive Bolt
Press: ? - help, Shift-Dir - straight line, f - seven-headed hydra
Aim: a seven-headed hydra (noxious fumes, moderately wounded, 91% to hit)
The bolt of acid hits the seven-headed hydra!
The seven-headed hydra is splashed with acid.
The acid corrodes the seven-headed hydra!
The seven-headed hydra is severely wounded.
The blink frog hits Servia!
The komodo dragon bites you!!
* * * LOW HITPOINT WARNING * * *
The seven-headed hydra bites you but does no damage.
The seven-headed hydra bites you.
* * * LOW HITPOINT WARNING * * *
The seven-headed hydra misses you. The seven-headed hydra bites you!
* * * LOW HITPOINT WARNING * * *
The seven-headed hydra bites you but does no damage.
The seven-headed hydra closely misses you.
The seven-headed hydra bites you!
* * * LOW HITPOINT WARNING * * *
Servia closely misses the blink frog.
You punch the seven-headed hydra!
The seven-headed hydra is almost dead.
The komodo dragon misses you.
The seven-headed hydra completely misses you.
The seven-headed hydra bites you!
* * * LOW HITPOINT WARNING * * *
The seven-headed hydra bites you!
* * * LOW HITPOINT WARNING * * *
The seven-headed hydra bites you!
You die...

###...##.....#
#.......#....#
#............#
##..#.!.....#....##
.#..#.......#.....#
...#...F........#
#..#.......#....# ..
#..#....lR.#....# ...
##..#○○°°D@.#....# ....
#...#...F##.#....###....
#..####.###....P#.#.#.
#...#..F....#####........
.#...8 +..R......###........
#.... #†.####....##........
.....###l.# ###.###........
.. #..Fh.# #####..#..###
....l..§..##....##...#......


You could see the friendly Servia the knight, a seven-headed hydra (corroded), a
komodo dragon and 2 blink frogs.

Vanquished Creatures
  A two-headed ogre (D:8)
  A manticore (D:10)
  7 centaur zombies
  2 gargoyles (Volcano)
  A centaur skeleton (D:7)
  A hellwing (D:6)
  2 trolls
  Grinder (D:4)
  Prince Ribbit (D:5)
  2 wraiths
  4 fire bats (Volcano)
  A wyvern (D:9)
  2 hogs (D:9)
  A human (D:9)
  14 yaks
  A steam dragon (D:8)
  Eustachio (D:5)
  2 vampire mosquitoes (D:11)
  Menkaure (D:5)
  2 water moccasins
  A black bear (Lair:1)
  3 orc warriors (D:9)
  3 necrophages (D:10)
  3 centaurs
  3 wolves (Lair:1)
  Blork the orc (D:4)
  2 bullfrogs
  2 scorpions
  A wyvern zombie (D:8)
  2 wights (D:10)
  3 killer bees (D:9)
  A howler monkey (D:9)
  A hound (D:7)
  4 orc priests
  A bullfrog skeleton (D:4)
  Crazy Yiuf (D:4)
  Ijyb (D:4)
  An iguana (D:7)
  5 orc wizards
  A scorpion zombie (D:5)
  A hound skeleton (D:5)
  3 mummies
  3 gnolls (D:8)
  A howler monkey skeleton (D:7)
  8 adders
  5 shadow imps (D:7)
  A white imp (D:5)
  A worm (D:3)
  2 dart slugs
  29 orcs
  6 ball pythons
  9 endoplasms
  4 giant cockroaches
  15 goblins
  4 hobgoblins
  5 quokkas
  7 bats
  3 frilled lizards
  2 gnoll skeletons (Ossuary)
  A goblin zombie (D:8)
  A hobgoblin zombie (D:8)
  10 kobolds
  5 kobold skeletons (Ossuary)
  8 orc skeletons (Ossuary)
  6 rats
228 creatures vanquished.

Vanquished Creatures (collateral kills)
  An ugly thing (D:11)
  2 centaur skeletons (D:7)
  A komodo dragon (Lair:1)
  A hellwing (D:6)
  A blink frog (Lair:1)
  A spriggan (shapeshifter) (D:10)
  3 fire bats (Volcano)
  2 hogs (D:9)
  A water moccasin (D:5)
  3 orc warriors
  A black bear (Lair:1)
  A necrophage (D:10)
  3 ogres
  A wolf (Lair:1)
  A kobold brigand (D:6)
  A gnoll sergeant (D:8)
  A bullfrog (D:8)
  A scorpion (D:4)
  A killer bee (D:9)
  5 wights (D:10)
  4 centaur zombies
  5 lava snakes (Volcano)
  A bullfrog zombie (D:5)
  2 orc priests (D:9)
  A bullfrog skeleton (D:5)
  3 orc wizards
  An iguana (D:6)
  A hound zombie (D:5)
  An adder (D:6)
  A gnoll (D:8)
  9 orcs
  A bat (D:7)
  3 gnoll skeletons (Ossuary)
  3 kobolds (D:6)
  3 kobold skeletons (Ossuary)
  4 orc skeletons (Ossuary)
75 creatures vanquished.

Vanquished Creatures (others)
  2 knights
  An orc wizard (D:8)
  An orc (D:8)
  A fungus (Lair:1)
  7 plants
  A withered plant (D:7)
13 creatures vanquished.

Grand Total: 316 creatures vanquished

Notes
Turn   | Place    | Note
-------+----------+-------------------------------------------
     0 | D:1      | pkoi the Draconian Monk began the quest for the Orb.
     0 | D:1      | Reached XP level 1. HP: 19/19 MP: 1/1
   272 | D:1      | Reached XP level 2. HP: 20/26 MP: 2/2
   724 | D:1      | Found Curaw's Antique Armour Boutique.
   787 | D:1      | Reached skill level 4 in Unarmed Combat
   995 | D:2      | Reached XP level 3. HP: 28/31 MP: 3/3
  1480 | D:2      | Found a sparkling altar of Nemelex Xobeh.
  1563 | D:2      | Found a faded altar of an unknown god.
  2386 | D:2      | Reached skill level 11 in Unarmed Combat
  2386 | D:2      | Reached XP level 4. HP: 37/38 MP: 4/4
  2393 | D:3      | Found Widek's Jewellery Boutique.
  2425 | D:3      | Reached XP level 5. HP: 45/45 MP: 5/5
  3053 | D:3      | Noticed an ogre
  3094 | D:2      | HP: 1/45 [ogre (31)]
  3719 | D:4      | Reached XP level 6. HP: 41/51 MP: 6/6
  3837 | D:4      | Noticed Ijyb
  3957 | D:4      | Noticed Blork the orc
  3971 | D:4      | Killed Blork the orc
  4156 | D:4      | Killed Ijyb
  4162 | D:4      | Identified the +5 ring mail of Quantum Leap {rPois rC-
                  | Dex+9 Stlth-}
  4171 | D:4      | You fall into a shaft and drop 3 floors!
  4172 | D:7      | Found a staircase to the Ecumenical Temple.
  4174 | D:7      | Noticed a water moccasin
  4182 | D:7      | Killed a water moccasin
  4196 | Temple   | Entered the Ecumenical Temple
  4563 | Temple   | Became a worshipper of Hepliaklqana the Forgotten
  4563 | Temple   | Reached * piety under Hepliaklqana
  4563 | Temple   | Reached ** piety under Hepliaklqana
  4595 | D:7      | Remembered your ancestor Servia as a knight
  4670 | D:5      | Entered Level 5 of the Dungeon
  4671 | D:5      | Noticed Eustachio
  4675 | D:5      | Your scales start taking on a lurid green colour.
  4675 | D:5      | Reached XP level 7. HP: 48/52 MP: 7/7
  4675 | D:5      | Gained mutation: Your system is resistant to poisons.
                  | (rPois) [Green Draconian growth]
  4692 | D:5      | Killed Eustachio
  4693 | D:5      | Reached skill level 1 in Evocations
  4810 | D:5      | Noticed Menkaure
  5001 | D:5      | Killed Menkaure
  5255 | D:4      | Noticed Grinder
  5270 | D:4      | Killed Grinder
  5271 | D:4      | Reached XP level 8. HP: 25/60 MP: 8/8
  5489 | D:4      | Found a runed translucent door.
  5490 | D:4      | Noticed Crazy Yiuf
  5591 | D:4      | Identified the +6 war axe "Dragonslayer" {vorpal, Fly
                  | Int+5}
  6520 | D:5      | Found Hugurexi's Antique Weapon Shop.
  6762 | D:5      | Reached skill level 5 in Fighting
  6810 | D:5      | Reached *** piety under Hepliaklqana
  6838 | D:5      | Noticed Prince Ribbit
  6847 | D:5      | Killed Prince Ribbit
  6848 | D:5      | Reached skill level 12 in Unarmed Combat
  7695 | D:4      | Killed Crazy Yiuf
  8084 | D:6      | Reached XP level 9. HP: 67/67 MP: 9/9
  8565 | D:7      | Noticed a hellwing
  8566 | D:7      | Noticed a hellwing
  8578 | D:7      | Reached skill level 5 in Dodging
  8891 | D:6      | Killed a hellwing
  9373 | D:6      | Killed a hellwing
  9450 | D:7      | Reached XP level 10. HP: 72/74 MP: 10/10
  9478 | D:7      | Reached skill level 13 in Unarmed Combat
  9742 | D:7      | Learned a level 2 spell: Blink
  9748 | D:7      | Learned a level 5 spell: Manifold Assault
  9823 | D:8      | Found an iron altar of Okawaru.
  9827 | D:8      | Noticed a two-headed ogre
  9844 | D:8      | Killed a two-headed ogre
  9899 | D:8      | Reached skill level 1 in Invocations
 10360 | D:8      | Reached **** piety under Hepliaklqana
 10365 | D:8      | Found a sand-covered staircase.
 10372 | Ossuary  | Entered an ossuary
 11505 | D:9      | Found a staircase to the Orcish Mines.
 11536 | D:9      | Found Suvac's Weapon Emporium.
 13031 | D:10     | Entered Level 10 of the Dungeon
 13039 | D:10     | Reached XP level 11. HP: 80/80 MP: 13/13
 13068 | D:10     | Noticed an orb spider
 13102 | D:10     | an orb spider changed into a spriggan
 13381 | D:10     | Reached skill level 1 in Spellcasting
 13381 | D:10     | Reached skill level 1 in Translocations
 13649 | D:10     | Found a staircase to the Lair.
 14093 | D:11     | Reached skill level 14 in Unarmed Combat
 14271 | D:11     | Reached ***** piety under Hepliaklqana
 15155 | D:11     | Noticed a green ugly thing
 15209 | D:11     | Killed a green ugly thing
 15329 | Lair:1   | Entered Level 1 of the Lair of Beasts
 15503 | Lair:1   | Noticed Harold
 15542 | Lair:1   | Found a dark tunnel.
 15552 | Volcano  | Entered a volcano
 16403 | Volcano  | Reached skill level 5 in Translocations
 16440 | Volcano  | Learned a level 3 spell: Call Canine Familiar
 16623 | Volcano  | Noticed a stone giant
 16629 | Volcano  | Reached XP level 12. HP: 65/86 MP: 16/16
 16667 | Volcano  | Found a burning altar of Makhleb.
 16772 | Lair:1   | Noticed a seven-headed hydra
 16794 | Lair:1   | Reached skill level 5 in Invocations
 16799 | Lair:1   | Slain by a seven-headed hydra

Illustrated notes

Levels and vault maps discovered:
D:1:      minmay_arrival_glassed_features, layout_loops_ring, serial_shops, shop
D:2:      layout_basic, basic_altar, hellmonk_ecumenical_altar_run_dry,
          minmay_3d_cube
D:3:      layout_rooms, serial_shops, shop, minmay_ogre_servants
D:4:      layout_cave_pools, minmay_vboxes, uniq_crazy_yiuf_cottage,
          uniq_blork_the_orc, uniq_grinder, uniq_ijyb
D:5:      layout_cave_pods, serial_shops, kennysheep_little_box,
          columned_hall_lemuel, kennysheep_generic_room_15, uniq_eustachio,
          uniq_prince_ribbit1, uniq_menkaure
D:6:      layout_rooms, chequers_arboretum, lemuel_flamethrower_1
D:7:      cheibrodos_grave_circle, layout_rooms, minmay_temple_entry_slanted,
          roderic_batcave
D:8:      layout_loops_ring, okawaru_gym_becter, nicolae_ossuary_entry_giza,
          serial_bayou_crossing
D:9:      layout_small_grid, orc_david_3, grunt_livestock,
          hangedman_abyss_or_decor_jellyfish_corner
D:10:     layout_gridville, lair_entry_dummy, serial_undead, serial_undead_e,
          serial_undead_a, serial_undead_b, serial_undead_f, serial_undead_d,
          serial_undead_c, serial_undead_f, serial_undead_c, serial_undead_a,
          serial_undead_c, serial_park_tiny_2
D:11:     layout_loops_corners, minmay_statues_item
Temple:   regret_index_temple_sigil_plot
Lair:1:   dragon1_lemuel, layout_regular_city, enter_volcano_2,
          wad_woods_road_03, grunt_megastairs_4, lemuel_fruit_fields,
          uniq_harold

Skill      XL: |  1  2  3  4  5  6  7  8  9 10 11 12 |
---------------+-------------------------------------+-----
Unarmed Combat | 4 11 12 13 14 | 14.5
Stealth        | 2 3 |  3.0
Dodging        | 3 4 6 8 9 |  9.0
Evocations     | 2 3 |  3.0
Fighting       | 4 5 6 |  6.0
Invocations    | 3 4 5 |  5.0
Spellcasting   | 3 |  3.0
Translocations | 5 |  5.3

Action                   |  1- 3 |  4- 6 |  7- 9 | 10-12 || total
-------------------------+-------+-------+-------+-------++-------
Melee: Unarmed           |   113 |   125 |   178 |   426 ||   842
       Punch             |     3 |     7 |     6 |    25 ||    41
       Tailslap          |    11 |     8 |    34 |    41 ||    94
       War axe           |       |       |     6 |       ||     6
Throw: Dart              |       |       |       |     3 ||     3
Invok: Ancestor Life: Kn |       |     1 |       |       ||     1
       Ancestor Identity |       |     1 |       |       ||     1
       Recall Ancestor   |       |       |     3 |     3 ||     6
 Abil: Breathe Noxious F |       |       |     4 |    12 ||    16
Evoke: Wand              |       |       |       |     1 ||     1
  Use: Scroll            |     3 |     6 |     8 |     6 ||    23
       Potion            |     1 |       |     1 |     5 ||     7
 Stab: Sleeping          |     6 |     3 |     3 |     9 ||    21
       Distracted        |     1 |     1 |     1 |     4 ||     7
       Confused          |       |       |     2 |     9 ||    11
Armor: Skin              |    25 |    28 |    92 |   154 ||   299
Dodge: Dodged            |    59 |    61 |   153 |   365 ||   638
